[Event "Live Chess"]
[Site "Chess.com"]
[Date "2023.05.20"]
[Round "-"]
[White "brownbear2704"]
[Black "Salpingidis"]
[Result "0-1"]
[WhiteElo "1217"]
[BlackElo "2287"]
[TimeControl "300"]
[EndTime "12:05:19 PDT"]
[Termination "Salpingidis won by resignation"]

1. d4 e6 2. c4 d5 3. Nc3 Nf6 4. e3 Be7 5. Nf3 O-O 6. Bd3 dxc4 7. Bxc4 b6 8. d5 exd5 9. Nxd5 Nxd5 10. Bxd5 c6 11.
Be4 Qxd1+ 12. Kxd1 Rd8+ 13. Ke2 Ba6+ 14. Ke1 g6 15.
Nd4 Bb7 16. f3 f5 17. Bd3 c5 18. Ne6 Rxd3 19. Nc7 Nc6 20. Nxa8 Bxa8 21. Kf2 Bf6 22. Re1 Nb4 23. e4 Nc2 24. exf5 Nxe1 25. Kxe1 gxf5 26. Bf4 Bc6 27. b3 Bxa1 0-1

[Event "Live Chess"]
[Site "Chess.com"]
[Date "2023.05.20"]
[Round "-"]
[White "Balu13"]
[Black "Tilbs_12"]
[Result "0-1"]
[WhiteElo "837"]
[BlackElo "1564"]
[TimeControl "300"]
[EndTime "12:05:20 PDT"]
[Termination "Tilbs_12 won by resignation"]

1. e4 c6 2. f4 d5 3. e5 c5 4. Nf3 Bg4 5. h3 Bxf3 6. Qxf3 Nc6 7. c4 d4 8. d3 e6 9. Nd2 Nb4 10. Qxb7 Nc2+ 11. Kd1 Nxa1 12. Qc6+ Ke7 13. Qxc5+ Ke8 14. Qb5+ Qd7 15. Qxd7+ Kxd7 16. b3 Nh6 17. Bb2 Nf5 18. Bxa1 Ne3+ 19. Ke2 Nf5 20. Nf3 Ng3+ 21. Ke1 Nxh1 22.
Bxd4 Bb4+ 23. Ke2 Ng3+ 24. Kf2 Nxf1 25. Kxf1 h6 26. g4 a5 27. f5 a4 28. fxe6+ fxe6 29.
Ke2 axb3 30. axb3 Ra2+ 31. Ke3 Kc6 32. Nh4 Bc5 33. Ng6 Bxd4+ 34. Kxd4 Rd8+ 35. Ke4 Re2+ 36. Kf3 Rb2 37. Ne7+ Kb6 0-1

[Event "Live Chess"]
[Site "Chess.com"]
[Date "2023.05.20"]
[Round "-"]
[White "ameetghasi100"]
[Black "tuppyglossop"]
[Result "1-0"]
[WhiteElo "2705"]
[BlackElo "1597"]
[TimeControl "300"]
[EndTime "12:05:28 PDT"]
[Termination "ameetghasi100 won by resignation"]

1. e4 e6 2. d4 d5 3. Nd2 c5 4.
Ngf3 Nc6 5. exd5 exd5 6. Bb5 Bd7 7. O-O Be7 8. Re1 Nf6 9. dxc5 O-O 10. Nb3 a6 11.
Bd3 Nb4 12. Be3 Nxd3 13. cxd3 Re8 14. Rc1 Rc8 15. Qd2 Bb5 16. Ne5 Qc7 17. Bf4 Qd8 18. f3 Nh5 19. Be3 f6 20. Ng4 f5 21. Nf2 f4 22.
Bd4 Bf6 23. Ng4 Bxd4+ 24. Nxd4 Qc7 25. Qc3 Qf7 26. b4 Nf6 27. Ne5 Qh5 28. Nxb5 axb5 29. d4 Qf5 30. Re2 b6 31. Rce1 bxc5 32. dxc5 Rcd8 33.
Nc6 Rxe2 34. Rxe2 Re8 35. Rxe8+ Nxe8 36. Ne7+ 1-0

[Event "Live Chess"]
[Site "Chess.com"]
[Date "2023.05.20"]
[Round "-"]
[White "thrithik"]
[Black "ElectricFalcon"]
[Result "0-1"]
[WhiteElo "455"]
[BlackElo "1066"]
[TimeControl "300"]
[EndTime "12:05:35 PDT"]
[Termination "ElectricFalcon won by checkmate"]

1. d3 e5 2. e4 Nc6 3. f4 Nf6 4. g3 exf4 5. gxf4 d6 6. e5 Bg4 7.
exf6 Bxd1 8. Kxd1 Qxf6 9. Be3 O-O-O 10. Bd4 Qxd4 11. c3 Qxf4 12. Nd2 Be7 13. Nh3 Qg4+ 14. Be2 Qxh3 15. Rf1 Bg5 16. Rxf7 Qe3 17. Rxg7 Qxd2# 0-1

[Event "Live Chess"]
[Site "Chess.com"]
[Date "2023.05.20"]
[Round "-"]
[White "lHolyDiverl"]
[Black "chessfiction"]
[Result "0-1"]
[WhiteElo "560"]
[BlackElo "2412"]
[TimeControl "300"]
[EndTime "12:05:37 PDT"]
[Termination "chessfiction won on time"]

1. d4 Nf6 2. Nc3 d5 3. Bf4 Bf5 4. e3 e6 5. Nf3 Bb4 6. a3 Bxc3+ 7. bxc3 Ne4 8. Bd3 Nxc3 9. Qd2 Ne4 10. Bxe4 dxe4 11. Ne5 O-O 12. O-O f6 13. Nc4 b5 14.
Na5 e5 15. Bg3 c5 16. Nb7 Qb6 17. Nxc5 Rd8 18. Nb3 Nc6 19. d5 Be6 20. a4 Rxd5 21. Qc3 b4 22. Qe1 a5 23. Rd1 Rad8 24. Qe2 Rxd1 25.
Rxd1 Rxd1+ 26. Qxd1 Qd8 27. Qxd8+ Nxd8 28. Nc5 Bc4 0-1

[Event "Live Chess"]
[Site "Chess.com"]
[Date "2023.05.20"]
[Round "-"]
[White "Enhard"]
[Black "Bot_Boy"]
[Result "1-0"]
[WhiteElo "1453"]
[BlackElo "332"]
[TimeControl "300"]
[EndTime "12:05:55 PDT"]
[Termination "Enhard won by checkmate"]

1. d4 g6 2. Bf4 d6 3. e3 Nf6 4. Be2 Bg4 5. Bxg4 h5 6. Be2 Ne4 7. Nd2 f5 8. Nxe4 fxe4 9. f3 Nd7 10. fxe4 Nf6 11. h3 Nxe4 12. Nf3 e6 13. O-O Be7 14. Bd3 d5 15. Bxe4 dxe4 16. Ne5 g5 17. Bh2 Rf8 18. Qxh5+ Rf7 19. Qxf7# 1-0

[Event "Live Chess"]
[Site "Chess.com"]
[Date "2023.05.20"]
[Round "-"]
[White "mattlirious"]
[Black "WilliamofOrange16th"]
[Result "1/2-1/2"]
[WhiteElo "1316"]
[BlackElo "1865"]
[TimeControl "300"]
[EndTime "12:05:56 PDT"]
[Termination "Game drawn by stalemate"]

1. e4 d6 2. d4 Nf6 3. Nc3 Nbd7 4. Bc4 e5 5. dxe5 dxe5 6. Nf3 Be7 7. Bg5 c6 8. O-O O-O 9. Qd3 Qc7 10. Bxf6 Nxf6 11.
Ne2 b5 12. Bb3 a5 13. a4 Rb8 14. Qc3 Bd6 15. axb5 cxb5 16. Qxc7 Bxc7 17. Nc3 Be6 18.
Bxe6 fxe6 19. Rfd1 h6 20. Nd2 Kf7 21. Ne2 Bb6 22.
Ng3 Rfc8 23. c3 Rd8 24. Kf1 Rd7 25. f3 Rbd8 26. Ke2 a4 27. c4 Ba5 28. Ngf1 Rb7 29.
cxb5 Rxb5 30. Nc4 Rxd1 31. Kxd1 Bc7 32. Rxa4 Nd7 33. Nfd2 Kf6 34. Ra7 Rc5 35. b4 Rc6 36. b5 Rc5 37. Rb7 Ke7 38. b6 Bb8 39. Ke2 Kd8 40.
Kd3 Kc8 41. Nb3 Kxb7 42. Nba5+ Ka6 43. Nb3 Rc6 44. b7 Bc7 45. f4 Kxb7 46. Nca5+ Bxa5 47. Nxa5+ Kb6 48. Nxc6 Kxc6 49. fxe5 Nxe5+ 50. Ke3 g5 51. g3 Kc5 52. h3 h5 53. h4 g4 54. Kf4 Nf7 55.
e5 Kd5 56. Ke3 Kxe5 57. Ke2 Ke4 58. Kf2 e5 59. Ke1 Kf3 60. Kf1 Kxg3 61. Kg1 Kxh4 62. Kh2 e4 63. Kh1 Kh3 64. Kg1 g3 65. Kf1 g2+ 66.
Kg1 e3 1/2-1/2

[Event "Live Chess"]
[Site "Chess.com"]
[Date "2023.05.20"]
[Round "-"]
[White "GEMdzq"]
[Black "LiamClery2020"]
[Result "1-0"]
[WhiteElo "2243"]
[BlackElo "2080"]
[TimeControl "300"]
[EndTime "12:05:57 PDT"]
[Termination "GEMdzq won by resignation"]

1. e4 Nf6 2. e5 Nd5 3. d4 d6 4.
Bc4 Nb6 5. Bb3 dxe5 6. dxe5 Qxd1+ 7. Kxd1 Nc6 8. Nf3 Bg4 9. Bf4 O-O-O+ 10. Kc1 e6 11. Nbd2 Bc5 12. Bg3 a5 13. a4 Nd5 14.
c3 f6 15. Re1 fxe5 16. Nxe5 Nxe5 17. Rxe5 Rhf8 18. Ne4 Bb6 19. Rg5 Bf5 20. Bc2 Bg6 21.
Be5 Bxf2 22. Nxf2 Rxf2 23. Bd1 Ne3 24. Bd4 Nxd1 25. Bxf2 Nxf2 26. b3 Rd1+ 27. Kb2 Rd2+ 28. Ka3 Ne4 29. Rxa5 Nxc3 30. Ra8+ Kd7 31. Rg8 Rxg2 32.
Rxg7+ Kd6 33. Rc1 Nb1+ 34. Rxb1 Bxb1 35. Rxg2 Bg6 36. Rd2+ Ke7 37. b4 Be4 38. b5 c6 39.
Kb4 b6 40. bxc6 Bxc6 41. Rc2 Kd6 42. Rf2 e5 43. Rf7 h5 44. Rh7 Bf3 45. Rh6+ Kc7 46. Re6 e4 47. Kc3 Bd1 48. Rxe4 Kc6 49. Kb4 Bf3 50.
Re6+ Kb7 51. Rf6 Bg4 52. Kb5 Be2+ 53. Kb4 Bg4 54. Rg6 Ka6 55. a5 Ka7 56. axb6+ 1-0

[Event "Live Chess"]
[Site "Chess.com"]
[Date "2023.05.20"]
[Round "-"]
[White "manthanit"]
[Black "Ferrarifan27"]
[Result "0-1"]
[WhiteElo "945"]
[BlackElo "2103"]
[TimeControl "300"]
[EndTime "12:06:06 PDT"]
[Termination "Ferrarifan27 won by resignation"]

1. e4 e5 2. Nf3 Nc6 3. Bc4 Bc5 4. O-O d6 5. h3 Nf6 6. d3 O-O 7. Bg5 h6 8. Bh4 Be6 9. Nc3 Bxc4 10. dxc4 g5 11.
Bg3 Nh5 12. Bh2 Nf4 13. Re1 f5 14. a3 fxe4 15. Rxe4 Nd4 16. Nd5 Nxh3+ 17. gxh3 Nxf3+ 18. Kh1 Nxh2 19. Kxh2 Rxf2+ 20. Kg1 Rd2+ 0-1

[Event "Live Chess"]
[Site "Chess.com"]
[Date "2023.05.20"]
[Round "-"]
[White "bigedd"]
[Black "bristolunichess"]
[Result "0-1"]
[WhiteElo "729"]
[BlackElo "1776"]
[TimeControl "300"]
[EndTime "12:06:15 PDT"]
[Termination "bristolunichess won by resignation"]

1. e4 c5 2. Bc4 Nc6 3. Nf3 e6 4. c3 d5 5. d4 dxc4 6. d5 exd5 7. exd5 Nce7 8. d6 Ng6 9. Qe2+ Be6 10. Ng5 Bxd6 11. Nxe6 fxe6 12. Qxe6+ Qe7 13. Qxe7+ N8xe7 14. Bg5 O-O 15. O-O Nf5 16. Rd1 Rae8 17. Nd2 Nf4 18. Nf3 Re2 19. Bxf4 Bxf4 20. g3 Bh6 21. Re1 Rfe8 22. Rxe2 Rxe2 23. Re1 Rxe1+ 24. Nxe1 Bc1 25.
b3 cxb3 26. axb3 a5 27. Nd3 Bd2 28. Nxc5 Bxc3 29. Nxb7 Nd4 30. Kf1 Nxb3 31. Ke2 a4 32.
Nd6 a3 33. Nc4 a2 0-1

[Event "Live Chess"]
[Site "Chess.com"]
[Date "2023.05.20"]
[Round "-"]
[White "ReceptiveCamel"]
[Black "DerbyKnight"]
[Result "0-1"]
[WhiteElo "640"]
[BlackElo "1631"]
[TimeControl "300"]
[EndTime "12:06:34 PDT"]
[Termination "DerbyKnight won by resignation"]

1. e4 c6 2. Nc3 d5 3. exd5 cxd5 4. Qe2 Nc6 5. d4 Nxd4 6. Qe5 Nxc2+ 7. Kd1 Nxa1 8.
Nxd5 e6 9. Bb5+ Bd7 10. Bxd7+ Qxd7 11. Qc7 Qxd5+ 12. Ke2 0-1

[Event "Live Chess"]
[Site "Chess.com"]
[Date "2023.05.20"]
[Round "-"]
[White "Stanbad1"]
[Black "VovaOvchar1990"]
[Result "1-0"]
[WhiteElo "2417"]
[BlackElo "1220"]
[TimeControl "300"]
[EndTime "12:06:36 PDT"]
[Termination "Stanbad1 won by checkmate"]

1. d4 d5 2. Nc3 Nf6 3. Bf4 Nc6 4. Nb5 e5 5. Bxe5 Nxe5 6. dxe5 Ng4 7. Qxd5 Qxd5 8.
Nxc7+ Kd7 9. Nxd5 Nxe5 10. O-O-O Kc6 11. f3 Bc5 12. e4 Be6 13. a4 Rhd8 14. Bb5+ Kd6 15.
Nb6+ Kc7 16. Nxa8+ Rxa8 17. Ne2 a6 18. Bd3 b5 19.
Nc3 b4 20. Nd5+ Bxd5 21. exd5 Kd6 22. Be4 a5 23. b3 f6 24. Rhe1 g5 25. g3 h5 26. f4 gxf4 27. gxf4 Nd7 28. Bf5 Nf8 29. Re6+ Nxe6 30. dxe6+ Ke7 31. Rd7+ Ke8 32. Rh7 Be3+ 33. Kb1 Bxf4 34. Rh8+ Ke7 35. Rxa8 Bxh2 36. Ra7+ Ke8 37.
e7 Be5 38. Bg6# 1-0

[Event "Live Chess"]
[Site "Chess.com"]
[Date "2023.05.20"]
[Round "-"]
[White "wadsy27"]
[Black "omisoc"]
[Result "1-0"]
[WhiteElo "2586"]
[BlackElo "2206"]
[TimeControl "300"]
[EndTime "12:06:38 PDT"]
[Termination "wadsy27 won on time"]

1. Nf3 d5 2. g3 Nf6 3. Bg2 Bf5 4.
c4 e6 5. Qb3 Qc8 6. cxd5 exd5 7. O-O c6 8. Nc3 Be7 9. d3 O-O 10. Nh4 Be6 11. Qc2 d4 12. Nb1 Bd5 13. Nf3 c5 14.
Nbd2 Nc6 15. a3 a5 16. Nc4 Qd8 17. Bf4 b5 18. Nce5 a4 19. Nxc6 Bxc6 20. Be5 Qd5 21.
Rac1 Nd7 22. Bxd4 Rac8 23. Be3 h6 24. Rfd1 Ne5 25. Ne1 Qe6 26. Qd2 Bxg2 27. Kxg2 Rfd8 28. Bf4 Ng6 29. Nf3 Nxf4+ 30. Qxf4 Bf6 31. Rd2 c4 32. dxc4 Rxd2 33. Qxd2 Rxc4 34. Rxc4 Qxc4 35. e3 Qc6 36.
Qe2 g5 37. e4 Qc4 38. Qxc4 bxc4 39. Nd2 Bxb2 40. Nxc4 Bd4 41. f4 g4 42. h3 h5 43. hxg4 hxg4 44. Kf1 Kf8 45. Ke2 Ke7 46. Ne3 Bc5 47. Nxg4 Bxa3 48. Kd3 Bc1 49. Kc2 Ba3 50. Ne3 1-0

[Event "Live Chess"]
[Site "Chess.com"]
[Date "2023.05.20"]
[Round "-"]
[White "Sidharth2008"]
[Black "AdamOwls"]
[Result "0-1"]
[WhiteElo "1101"]
[BlackElo "1930"]
[TimeControl "300"]
[EndTime "12:06:40 PDT"]
[Termination "AdamOwls won by resignation"]

1. e4 c6 2. Nf3 d5 3. exd5 cxd5 4. d4 Nf6 5. Bg5 Nc6 6. Bxf6 gxf6 7. c4 dxc4 8. Bxc4 Bf5 9. Nc3 e6 10. O-O Bd6 11. Nh4 Bg6 12. d5 O-O 13. dxe6 fxe6 14. Bxe6+ Kg7 15. Qg4 Ne5 16. Qd1 Qb6 17. Bb3 Rad8 18.
Nd5 Qa5 19. Qe1 Qc5 20. Rc1 Qd4 21. Nf3 Nxf3+ 22. gxf3 Bb8 23. Qc3 Rxd5 24. Bxd5 Qxd5 25. b3 Qg5+ 26. Kh1 Qh4 0-1

[Event "Live Chess"]
[Site "Chess.com"]
[Date "2023.05.20"]
[Round "-"]
[White "flyingpuffins"]
[Black "CocheseUK"]
[Result "1-0"]
[WhiteElo "1964"]
[BlackElo "1036"]
[TimeControl "300"]
[EndTime "12:06:46 PDT"]
[Termination "flyingpuffins won by resignation"]

1. e4 e5 2. Nc3 Nf6 3. Bc4 Be7 4.
d3 O-O 5. f4 exf4 6. Bxf4 d6 7.
Nf3 Bg4 8. O-O Nbd7 9. h3 Bh5 10.
g4 Nxg4 11. hxg4 Bxg4 12. Qe2 h5 13. Qg2 g5 14. Be3 Ne5 15. Nxe5 dxe5 16. Nd5 f5 17.
exf5 Kh7 18. Nxe7 Qxe7 19. Rf2 Rxf5 20. Rxf5 Bxf5 21. Qxg5 Qxg5+ 22. Bxg5 Rg8 23. Bxg8+ Kxg8 24. Rf1 1-0

[Event "Live Chess"]
[Site "Chess.com"]
[Date "2023.05.20"]
[Round "-"]
[White "domrobson"]
[Black "MarkLim1"]
[Result "0-1"]
[WhiteElo "1761"]
[BlackElo "1668"]
[TimeControl "300"]
[EndTime "12:06:46 PDT"]
[Termination "MarkLim1 won by resignation"]

1. d4 Nf6 2. c4 e6 3. Nf3 d5 4. Nc3 c5 5. cxd5 Nxd5 6. e4 Nxc3 7. bxc3 cxd4 8. Qxd4 Qxd4 9. cxd4 Bb4+ 10. Bd2 Bxd2+ 11. Kxd2 Ke7 12. Bc4 Rd8 13. Rhd1 Nc6 14. Ke3 b6 15. d5 Na5 16. Bb5 Bb7 17. dxe6 fxe6 18. Ng5 h6 19. Nf3 Rac8 20. Rac1 Rxd1 21. Rxd1 Nc4+ 22.
Ke2 Nd6 23. Bd3 Bxe4 24. Bxe4 Nxe4 25. Rd4 Nc3+ 26. Kd3 Nxa2 27. Ra4 Nc1+ 28. Kd2 Nb3+ 29. Ke3 a5 0-1

[Event "Live Chess"]
[Site "Chess.com"]
[Date "2023.05.20"]
[Round "-"]
[White "HoarseyHorsey"]
[Black "Greenbecker"]
[Result "1-0"]
[WhiteElo "1388"]
[BlackElo "1626"]
[TimeControl "300"]
[EndTime "12:06:49 PDT"]
[Termination "HoarseyHorsey won by resignation"]

1. d4 e6 2. c4 d5 3. Nc3 Nf6 4. cxd5 Nxd5 5. e4 Nxc3 6. bxc3 c5 7. Nf3 cxd4 8. cxd4 Bb4+ 9. Bd2 Bxd2+ 10. Qxd2 O-O 11. Bc4 Nc6 12. O-O Bd7 13. Rad1 Rc8 14. Rfe1 Ne7 15.
Bb3 Re8 16. d5 exd5 17. exd5 Bg4 18. Qd3 Qd6 19. h3 Bf5 20. Qe3 h6 21. Qxa7 Qb8 22. Qd4 Red8 23. Nh4 Bh7 24. Rxe7 Rd6 25. Nf3 Rcd8 26. Qc5 Be4 27. Qc7 Qxc7 28. Rxc7 Bxd5 29. Bxd5 Rxd5 30. Rxd5 Rxd5 31. Rxb7 Ra5 32. Rb2 f6 33. Kh2 Kf7 34. Kg3 Ra4 35. Nd2 g5 36.
Kf3 f5 37. Ke3 Ke6 38. Nb1 f4+ 39. Kf3 Kf5 40. Nc3 Ra3 41. Rb3 Ra6 42. Rb5+ Kg6 43. a4 h5 44. g3 Rc6 45. Rb3 fxg3 46. fxg3 Kf5 47. Rb5+ Kg6 48. Rb3 Kf5 49. Rb5+ Kg6 50. Nd5 Kf7 51. a5 Ra6 52. g4 hxg4+ 53. hxg4 Kg7 54.
Ke4 Kh7 55. Kf5 Ra7 56. Kxg5 Rg7+ 57. Kf4 Rf7+ 58. Kg3 Rd7 59. a6 Kg7 60. Rb7 1-0

[Event "Live Chess"]
[Site "Chess.com"]
[Date "2023.05.20"]
[Round "-"]
[White "TheSmoulderingMaster"]
[Black "KeithArkell"]
[Result "0-1"]
[WhiteElo "1735"]
[BlackElo "2610"]
[TimeControl "300"]
[EndTime "12:06:58 PDT"]
[Termination "KeithArkell won by checkmate"]

1. e4 c6 2. d4 d5 3. Nd2 dxe4 4.
Nxe4 Nd7 5. Nf3 Ngf6 6. Nxf6+ Nxf6 7. Bc4 Bf5 8. c3 e6 9. O-O Be7 10. Bg5 O-O 11. Ne5 Nd5 12. Bxe7 Qxe7 13. Bd3 Bxd3 14. Qxd3 Rfd8 15. Rfe1 c5 16. c4 Nb4 17. Qb3 Rxd4 18. a3 Nc6 19. Nf3 Rd7 20. Qc2 Rad8 21. h4 h6 22. Qc3 Nd4 23. Ne5 Rd6 24. Qa5 b6 25. Qc3 Qxh4 26. Re3 Nf5 27. g3 Rd1+ 28. Rxd1 Rxd1+ 29.
Kg2 Qh1# 0-1

[Event "Live Chess"]
[Site "Chess.com"]
[Date "2023.05.20"]
[Round "-"]
[White "Conradical12"]
[Black "Bob2pen"]
[Result "1-0"]
[WhiteElo "1555"]
[BlackElo "1792"]
[TimeControl "300"]
[EndTime "12:06:59 PDT"]
[Termination "Conradical12 won by checkmate"]

1. e4 e6 2. d4 d5 3. Nc3 Bb4 4. e5 Ne7 5. Nf3 c5 6. Be3 Nbc6 7. Bb5 Bd7 8. O-O Bxc3 9. bxc3 Nxe5 10. Nxe5 Bxb5 11.
Rb1 Bxf1 12. Qxf1 O-O 13. Rxb7 cxd4 14. Bxd4 Ng6 15. Nd7 Qc8 16. Qb5 Rd8 17. Bxa7 Qxc3 18. h3 Qxc2 19. Rb8 Raxb8 20. Nxb8 Qxa2 21. Nc6 Ra8 22. Qb7 Rf8 23. Bc5 Qc4 24. Bxf8 Nxf8 25. Qc8 Qc1+ 26. Kh2 Qc5 27. Qe8 Qd6+ 28. g3 Qd7 29.
Ne7+ Kh8 30. Qxf8# 1-0

[Event "Live Chess"]
[Site "Chess.com"]
[Date "2023.05.20"]
[Round "-"]
[White "djw60"]
[Black "WelshTiger"]
[Result "0-1"]
[WhiteElo "2113"]
[BlackElo "2402"]
[TimeControl "300"]
[EndTime "12:07:00 PDT"]
[Termination "WelshTiger won on time"]

1. b3 d5 2. Bb2 c5 3. e3 Nc6 4. Bb5 Qb6 5. a4 a6 6. Bxc6+ Qxc6 7. Nf3 Nf6 8. O-O e6 9. Ne5 Qc7 10. f4 Bd6 11. d3 O-O 12. Nd2 Nd7 13. Ndf3 f6 14.
Nxd7 Bxd7 15. g3 Rae8 16. e4 dxe4 17. dxe4 Bc6 18. Qe2 f5 19. e5 Be7 20. a5 Rd8 21. Bc3 Bd5 22. Rfd1 Qc6 23. Kf2 Be4 24. Rxd8 Rxd8 25.
Rd1 Rxd1 26. Qxd1 c4 27. b4 Qa4 28. Ne1 Bxb4 29. Qd8+ Bf8 30. Bd4 Qc6 31. c3 h6 32.
h4 Qb5 33. Ke3 Bd5 34. Nc2 Be4 35. Nb4 Kf7 36. Qc7+ Be7 37. h5 Kf8 38. Qb8+ Qe8 39.
Qc7 Qd8 40. Qxd8+ Bxd8 41. Bc5+ Kf7 42. Kd4 Bxa5 43. Kxc4 Bf3 44. Bf2 Bxh5 45. Kc5 Bf3 46. Kd6 g5 47. fxg5 hxg5 48. Be3 g4 49. Bf4 Bb6 50. Nd3 a5 51. Nc5 Bd5 52. Nd7 Bd8 53. Kc5 a4 54. Kb4 Bb3 55. Be3 Bc7 56. Bd4 Ke7 57.
Nc5 Bc2 58. Nxa4 Bxa4 59. Kxa4 Kd7 60. Kb5 Bd8 61. Bb6 Be7 62. Bd4 Bd8 63. c4 Bc7 64. c5 Bd8 65. Be3 Be7 66. Bd4 Kc7 67. Be3 Kd7 68.
Bd4 Bd8 69. Be3 Kc8 70. Bd4 Kc7 71. Be3 Be7 72. Bd4 Bg5 73. Bf2 f4 74. gxf4 Bxf4 75. Bd4 g3 76. Kc4 g2 77. Kd3 Bh2 0-1

[Event "Live Chess"]
[Site "Chess.com"]
[Date "2023.05.20"]
[Round "-"]
[White "McSlash1"]
[Black "Ayursworld"]
[Result "1-0"]
[WhiteElo "2055"]
[BlackElo "1373"]
[TimeControl "300"]
[EndTime "12:07:18 PDT"]
[Termination "McSlash1 won by checkmate"]

1. e4 c5 2. Nc3 Nc6 3. f4 e6 4. Nf3 Nf6 5. Bc4 Be7 6. d3 Nd4 7. O-O d6 8. f5 exf5 9. Ng5 O-O 10. Be3 fxe4 11. dxe4 Bg4 12. Qe1 Nxc2 13. Qh4 h6 14. Nxf7 Rxf7 15. Bxf7+ Kxf7 16. Qxg4 Nxe3 17. Qf5 Nxf1 18.
Rxf1 Qb6 19. Nd5 Qxb2 20. Qh5+ Kg8 21. Nxe7+ Kh8 22. Qg6 Qd4+ 23. Kh1 Re8 24. Nf5 Qd3 25. Qxg7# 1-0

[Event "Live Chess"]
[Site "Chess.com"]
[Date "2023.05.20"]
[Round "-"]
[White "apl_trainer"]
[Black "xx_blindpuffin_xx"]
[Result "0-1"]
[WhiteElo "1596"]
[BlackElo "2211"]
[TimeControl "300"]
[EndTime "12:07:42 PDT"]
[Termination "xx_blindpuffin_xx won by resignation"]

1. d4 d5 2. c4 e6 3. Nc3 c6 4. Nf3 dxc4 5. a4 Bb4 6. e3 b5 7. Bd2 a5 8. Rb1 Bd7 9. Ne5 Nf6 10. Qf3 Ra7 11. g4 O-O 12. g5 Nd5 13. e4 Nxc3 14.
bxc3 Bd6 15. Rg1 Bxe5 16. dxe5 Na6 17. Be3 Rb7 18. Bxc4 Qe7 19. Bd4 Nc5 20. axb5 cxb5 21. Be2 Bc6 22. Qf6 Nxe4 23. Qxe7 Rxe7 24. Bf3 Nxc3 25.
Bxc6 Nxb1 26. Ke2 Rd8 27. Bb6 Nc3+ 28. Ke3 Nd5+ 29. Bxd5 Rxd5 30. f4 b4 31. Rc1 Re8 32. Rc7 Rb5 33. Bd4 b3 34. Bb2 g6 35. h4 a4 36. Ra7 Rb4 37. Ba3 b2 0-1

[Event "Live Chess"]
[Site "Chess.com"]
[Date "2023.05.20"]
[Round "-"]
[White "Doge_Dandolo"]
[Black "f4nomore"]
[Result "1-0"]
[WhiteElo "2059"]
[BlackElo "1372"]
[TimeControl "300"]
[EndTime "12:07:45 PDT"]
[Termination "Doge_Dandolo won by resignation"]

1. Nf3 g6 2. c4 Bg7 3. Nc3 d6 4. d4 Nd7 5. e4 a6 6. Be3 b6 7. Bd3 Bb7 8. O-O Ngf6 9. Bc2 O-O 10. Re1 Ng4 11. Bg5 f6 12. Bc1 e5 13. d5 Nc5 14.
Rb1 Bc8 15. h3 Nh6 16. b4 Nd7 17. Ba4 f5 18. Bc6 Rb8 19. Nd2 f4 20. Ba3 Nf6 21. c5 bxc5 22. bxc5 Rxb1 23. Qxb1 Bd7 24. Bxd7 Qxd7 25.
Qb7 Ne8 26. Qxa6 Nf7 27. Nc4 Qe7 28. Qb7 Qd7 29. cxd6 Nfxd6 30. Nxd6 Nxd6 31. Bxd6 Qxd6 32. Qb3 c6 33. a4 cxd5 34. Nxd5 Qd7 35. Nf6+ 1-0

[Event "Live Chess"]
[Site "Chess.com"]
[Date "2023.05.20"]
[Round "-"]
[White "JoeyCage"]
[Black "Pandreq"]
[Result "1-0"]
[WhiteElo "2309"]
[BlackElo "1284"]
[TimeControl "300"]
[EndTime "12:07:46 PDT"]
[Termination "JoeyCage won by resignation"]

1. e4 Nf6 2. e5 Nd5 3. Qf3 e6 4. Bc4 Nb6 5. Bb3 Nc6 6. Qh3 Nxe5 7.
d4 Ng6 8. Nf3 d5 9. Nc3 Bb4 10.
O-O O-O 11. Qh5 h6 12. Be3 Bd6 13. Ne2 Qf6 14. a4 Nf4 15. Nxf4 Bxf4 16. g3 Bxe3 17.
fxe3 Qg6 18. Qxg6 fxg6 19. Ne5 g5 20. Rxf8+ Kxf8 21. Rf1+ Kg8 22. Rf7 c6 23. Rc7 Rb8 24. a5 Na8 25. Re7 b6 26. Rxa7 bxa5 27. Rxa5 Nb6 28.
Nxc6 Ra8 29. Rxa8 Nxa8 30. Ne7+ Kf7 31. Nxc8 Nc7 32. Nb6 Nb5 33. Na4 Ke7 34. Nc5 Kd6 35. Nd3 Nc7 36. c4 g6 37. c5+ Kc6 38. Ba4+ Kb7 39. b4 Na6 40. b5 Nc7 41. b6 Na6 42.
Bb5 Nb8 43. Ne5 Na6 44. Bxa6+ Kxa6 45. Nxg6 Kb7 46. Kf2 1-0

[Event "Live Chess"]
[Site "Chess.com"]
[Date "2023.05.20"]
[Round "-"]
[White "GMHarry-youtube"]
[Black "KGreenGator"]
[Result "0-1"]
[WhiteElo "2112"]
[BlackElo "1788"]
[TimeControl "300"]
[EndTime "12:07:50 PDT"]
[Termination "KGreenGator won by checkmate"]

1. e4 c5 2. Nf3 Nc6 3. Bb5 Qc7 4.
O-O e6 5. c3 a6 6. Bxc6 Qxc6 7.
Re1 Ne7 8. d4 c4 9. Ne5 Qc7 10.
Qf3 f6 11. Ng4 Ng6 12. e5 f5 13. Ne3 Rb8 14. g4 f4 15. Ng2 b5 16. Nxf4 Bb7 17.
Qg3 Nxf4 18. Bxf4 Qc6 19. Kf1 Be7 20. Nd2 O-O 21. Ne4 Rf7 22. Ng5 Bxg5 23. Bxg5 Rbf8 24. f4 h6 25. Bxh6 gxh6 26. f5 exf5 27. gxf5+ Kh8 28. f6 Rg8 29. Qh3 Kh7 30. Qf5+ Rg6 31. Ke2 Qe4+ 32. Qxe4 Bxe4 33. Ke3 Bd5 34. Rg1 Rxg1 35. Rxg1 h5 36.
Kf4 Kh6 37. h4 Be6 38. Rg8 Rxf6+ 39. exf6 Bxg8 40. Ke5 Kg6 41. d5 d6+ 42. Kxd6 Kxf6 43. Kc6 Bxd5+ 44. Kxd5 Kf5 45. a4 Kg4 46. axb5 axb5 47.
Ke4 Kxh4 48. Kf3 Kh3 49. Kf4 h4 50. Kf3 Kh2 51. Kf2 h3 52. Kf3 Kg1 53. Ke4 h2 54. Kd5 h1=Q+ 55. Kc5 Qg2 56. Kxb5 Qxb2+ 57. Kxc4 Qc2 58.
Kb4 Kf2 59. c4 Ke3 60. Kb5 Kd4 61. c5 Qxc5+ 62. Ka4 Qb6 63. Ka3 Kc3 64. Ka2 Qb2# 0-1

[Event "Live Chess"]
[Site "Chess.com"]
[Date "2023.05.20"]
[Round "-"]
[White "LaupMiths"]
[Black "Salpingidis"]
[Result "0-1"]
[WhiteElo "1821"]
[BlackElo "2290"]
[TimeControl "300"]
[EndTime "12:07:51 PDT"]
[Termination "Salpingidis won by checkmate"]

1. d4 e6 2. Nf3 d5 3. g3 Nf6 4. Bg2 Be7 5. O-O O-O 6. b3 b6 7. Bb2 Bb7 8. c4 c5 9. Nc3 dxc4 10. bxc4 cxd4 11. Nxd4 Bxg2 12. Kxg2 Qc7 13. f3 Nc6 14. Ndb5 Qb7 15. Ne4 Nxe4 16. fxe4 Rad8 17. Qc1 a6 18. Qc3 e5 19. Na3 Nd4 20. Rf2 Qxe4+ 21. Kg1 Nxe2+ 22. Rxe2 Qxe2 23. Re1 Bc5+ 24. Kh1 Rd1 25.
Rxd1 Qe4+ 26. Qf3 Qxf3# 0-1

[Event "Live Chess"]
[Site "Chess.com"]
[Date "2023.05.20"]
[Round "-"]
[White "TobyQuaite"]
[Black "viktorskliarov"]
[Result "0-1"]
[WhiteElo "1685"]
[BlackElo "2650"]
[TimeControl "300"]
[EndTime "12:07:52 PDT"]
[Termination "viktorskliarov won by resignation"]

1. e4 c5 2. Nf3 Nc6 3. Bb5 e6 4. c3 Nge7 5. d4 cxd4 6. cxd4 a6 7. Ba4 b5 8. Bc2 Nb4 9. Nc3 Nxc2+ 10. Qxc2 Bb7 11.
Bf4 Rc8 12. Qd2 Ng6 13. Bg3 Bb4 14. e5 Bxf3 15. gxf3 h5 16. h4 d5 17. a3 Bxc3 18. bxc3 Qa5 19. O-O Qxc3 20. Qe3 Kd7 21. Rfc1 Qxe3 22.
fxe3 Rxc1+ 23. Rxc1 Rc8 24. Rxc8 Kxc8 25. Kf2 Kb7 26.
e4 Ne7 27. Ke3 a5 28. Be1 Kb6 29. Kd3 Nc6 30. exd5 exd5 31. f4 g6 32. Bd2 a4 33.
Bc3 b4 34. axb4 Kb5 35. Bd2 Nxb4+ 0-1

[Event "Live Chess"]
[Site "Chess.com"]
[Date "2023.05.20"]
[Round "-"]
[White "Richardallis"]
[Black "rideuv21"]
[Result "1-0"]
[WhiteElo "1783"]
[BlackElo "1829"]
[TimeControl "300"]
[EndTime "12:07:55 PDT"]
[Termination "Richardallis won by checkmate"]

1. d4 c5 2. d5 Nf6 3. c4 b5 4.
Bg5 bxc4 5. Bxf6 gxf6 6. e4 Ba6 7. Nc3 d6 8. f4 Nd7 9. Qa4 Qb6 10. Rb1 Bg7 11.
Nf3 f5 12. e5 dxe5 13. fxe5 O-O-O 14. Bxc4 Bxc4 15. Qxc4 Nxe5 16. Nxe5 Bxe5 17. O-O Qd6 18. Rxf5 Bxh2+ 19. Kh1 Be5 20. Ne4 Qh6+ 21. Kg1 Qe3+ 22. Kh1 Bd4 23. Qa6+ Kd7 24. Qc6# 1-0